 Dungeon Crawl Stone Soup version 0.31-a0-75-g6fe912e8c5 (webtiles) character file.

Game seed: 15038120464855631590

20 night the Conjurer (level 2, -2/18 HPs)
             Began as a Gargoyle Reaver on Jan 25, 2023.
             Was a Follower of Fedhas.
             Slain by an orc wizard
             ... wielding a +2 dagger of pain
              (4 damage)
             ... on level 2 of the Dungeon on May 23, 2023.
             The game lasted 00:04:07 (784 turns).

night the Conjurer (Gargoyle Reaver)                 Turns: 784, Time: 00:04:08

Health: -2/18      AC:  5    Str: 15    XL:     2   Next: 79%
Magic:  5/5        EV: 11    Int: 13    God:    Fedhas [*.....]
Gold:   32         SH:  0    Dex:  8    Spells: 4/5 levels left

rFire   . . .        a - +0 mace
rCold   . . .        (no shield)
rNeg    + . .        b - +0 leather armour
rPois   ∞            (no helmet)
rElec   +            (no cloak)
rCorr   .            (no gloves)
SInv    .            (no boots)
Will    .....        (no amulet)
Stlth   +            (no ring)
HPRegen 0.23/turn    (no ring)
MPRegen 0.09/turn

%: no passive effects
@: no status effects
A: sickness immunity, AC +2, negative energy resistance 1, electricity
resistance, torment resistance 1, petrification resistance
a: Renounce Religion


You were on level 2 of the Dungeon.
You worshipped Fedhas.
Fedhas was aware of your devotion.
You visited 1 branch of the dungeon, and saw 2 of its levels.

You collected 32 gold pieces.

Inventory:

Hand Weapons
 a - a +0 mace (weapon)
Missiles
 c - 6 stones
Armour
 b - a +0 leather armour (worn)
Magical Staves
 g - a staff of fire
Scrolls
 d - 2 scrolls of noise {unknown}
 e - a scroll of vulnerability {unknown}
 f - a scroll of identify {unknown}
 k - a scroll of magic mapping {unknown}
Potions
 h - a potion of brilliance {unknown}
 i - a potion of heal wounds {unknown}
 j - a potion of curing {unknown}
 l - a potion of haste {unknown}


   Skills:
 + Level 2.5 Fighting
 + Level 3.2 Maces & Flails
 + Level 1.8 Dodging
 + Level 2.2 Spellcasting
 + Level 3.5 Conjurations


You had 4 spell levels left.
You knew the following spells:

 Your Spells              Type           Power      Damage    Failure   Level
a - Kiss of Death         Conj/Necr      20%        2d7       17%         1

Your spell library contained the following spells:

 Spells                   Type           Power      Damage    Failure   Level
 Momentum Strike          Conj/Tloc      10%        3d8       26%         2
 Hailstorm                Conj/Ice       5%         3d4       45%         3


Dungeon Overview and Level Annotations

Branches:
Dungeon (2/15)

Altars:
Fedhas


Innate Abilities, Weirdness & Mutations

You are immune to sickness and miasma.
Your stone body is resilient. (AC +2)
You are immune to poison.
You resist negative energy. (rN+)
You are resistant to electric shocks. (rElec)
You are resistant to unholy torment.
You are immune to petrification.


Message History

You miss the orc wizard.
The orc wizard is moderately wounded.
The orc wizard casts a spell at you.
You are more confused.
The orc wizard hits you but does no damage.
You bump into the rock wall.
The orc wizard closely misses you.
The orc wizard attacks as you move away!
The orc wizard hits you with a +2 dagger of pain.
You bump into the rock wall.
The orc wizard hits you but does no damage.
You bump into the rock wall.
You bump into the rock wall.
The orc wizard hits you with a +2 dagger of pain.
The orc hits you but does no damage.
You bump into the rock wall.
The orc wizard hits you with a +2 dagger of pain.
The orc closely misses you.
You bump into the rock wall.
The orc wizard hits you with a +2 dagger of pain.
* * * LOW HITPOINT WARNING * * *
The orc hits you but does no damage.
You hit the orc.
You kill the orc!
Fedhas appreciates your contribution to the ecosystem.
You feel less confused. The orc wizard barely misses you.
You hit the orc wizard but do no damage.
The orc wizard is moderately wounded.
The dart slug launches a dart at you. The slug dart misses you.
The orc wizard misses you.
You closely miss the orc wizard.
The orc wizard is moderately wounded.
The orc wizard points at you and mumbles some strange words.
The puff of flame hits you.
* * * LOW HITPOINT WARNING * * *
You closely miss the orc wizard.
The orc wizard is moderately wounded.
The orc wizard hits you with a +2 dagger of pain.
You die...
Fedhas appreciates your contribution to the ecosystem.

#.# #.#
#..... #.#
#...... #.#
...?... #.#
......$ #.#
....... #.#
.......
#o###.......
#@wo)o......
######..^...
..... ....
... .. .


You could see an orc wizard, a dart slug and 2 orcs.

Vanquished Creatures
  A dart slug (D:2)
  2 orcs (D:2)
  3 endoplasms
  2 giant cockroaches
  A goblin (D:2)
  A hobgoblin (D:1)
  2 kobolds (D:1)
  A frilled lizard (D:2)
  A rat (D:2)
14 creatures vanquished.

Notes
Turn   | Place    | Note
-------+----------+-------------------------------------------
     0 | D:1      | night the Gargoyle Reaver began the quest for the Orb.
     0 | D:1      | Reached XP level 1. HP: 12/12 MP: 3/3
     0 | D:1      | Upgraded the game from 0.30-a0-715-gdb4ae3ece1 to
                  | 0.30-a0-743-gbfdf073431
   273 | D:1      | Reached XP level 2. HP: 11/18 MP: 5/5
   273 | D:1      | Upgraded the game from 0.30-a0-743-gbfdf073431 to
                  | 0.30-a0-782-ge64f9170bb
   681 | D:2      | Found a faded altar of an unknown god.
   687 | D:2      | Prayed at the altar of an unknown god.
   687 | D:2      | Became a worshipper of Fedhas Madash
   687 | D:2      | Reached * piety under Fedhas
   752 | D:2      | Upgraded the game from 0.30-a0-782-ge64f9170bb to
                  | 0.31-a0-18-gea43df2a32
   752 | D:2      | Upgraded the game from 0.31-a0-18-gea43df2a32 to
                  | 0.31-a0-75-g6fe912e8c5
   783 | D:2      | HP: 1/18 [orc wizard/puff of flame (3)]
   784 | D:2      | Slain by an orc wizard

Illustrated notes

Levels and vault maps discovered:
D:1:      dpeg_arrival_shrine, layout_basic
D:2:      layout_rooms, dreamdust_ecumenical_altar_angels_and_demons,
          minmay_splitting_lines

Action                     || total
---------------------------++-------
  Melee: Mace              ||    48
         Staff             ||     2
 Armour: Leather armour    ||    20
  Dodge: Dodged            ||    30

Table legend: (Time is in decaauts)
 A = Elapsed time spent in this place.
 B = Non-inter-level travel time spent in this place.
 C = Inter-level travel time spent in this place.
 D = Time resting spent in this place.
 E = Time spent auto-exploring this place.
 F = Levels seen in this place.
 G = Mean time per level.
                   A        B        C        D        E       F      G
               +--------+--------+--------+--------+--------+-----+--------+
         Total |    795 |    780 |     15 |      0 |    634 |   2 |  397.5 |
       Dungeon |    795 |    780 |     15 |      0 |    634 |   2 |  397.5 |
               +--------+--------+--------+--------+--------+-----+--------+

Top non-repeatable levels by time:
     D:1: 613 daAuts
     D:2: 181 daAuts
